 Dungeon Crawl Stone Soup version 0.20.0-10-g0535bb4 (webtiles) character file.

693 grindst0ne the Covered (level 7, -5/44 HPs)
             Began as a Gargoyle Fighter on June 6, 2017.
             Slain by Duvessa
             ... wielding a +0 rapier
              (11 damage)
             ... on level 5 of the Dungeon.
             The game lasted 00:08:12 (3532 turns).

grindst0ne the Covered (Gargoyle Fighter)           Turns: 3532, Time: 00:08:13

Health: -5/44      AC: 15    Str: 27    XL:     7   Next: 64%
Magic:  9/9        EV:  6    Int:  8    God:
Gold:   233        SH: 10    Dex: 11    Spells: 6/6 levels left

rFire    . . .     SeeInvis .   a - +1 war axe
rCold    . . .     Gourm    .   c - +0 shield
rNeg     + . .     Faith    .   x - +0 chain mail
rPois    ∞         Spirit   .   (no helmet)
rElec    +         Reflect  .   (no cloak)
rCorr    .         Harm     .   (no gloves)
MR       .....                  (no boots)
Stlth    ..........             E - amulet of rage
Regen    0.2/turn               m - +2 ring of strength
MPRegen  0.2/turn               F - ring of wizardry

@: mighty, very slightly contaminated, invisible
A: negative energy resistance 1, electricity resistance, unbreathing,
petrification resistance, rot immunity, AC +4
a: Evoke Berserk Rage


You were on level 5 of the Dungeon.
You were hungry.

You visited 1 branch of the dungeon, and saw 5 of its levels.

You collected 233 gold pieces.

Inventory:

Hand Weapons
 a - a +1 war axe (weapon)
Armour
 c - a +0 shield (worn)
 x - a +0 chain mail (worn)
 B - a +0 large shield
Jewellery
 m - a +2 ring of strength (left hand)
 u - an uncursed amulet of the gourmand
 E - an amulet of rage (around neck)
 F - a ring of wizardry (right hand)
Wands
 b - a wand of confusion (11/48)
 e - a wand of acid (13/15)
 D - a wand of confusion (15/48)
Scrolls
 h - a scroll of fear {unknown}
 q - a scroll of identify
 t - 3 scrolls of teleportation
 v - 3 scrolls of remove curse
Potions
 k - a potion of magic
 n - 2 potions of flight {unknown}
 o - a potion of mutation {unknown}
 r - a potion of heal wounds {unknown}
 w - a potion of ambrosia {unknown}
 z - a potion of degeneration {unknown}
 A - 2 potions of curing {unknown}
Comestibles
 f - 2 bread rations
 i - a royal jelly
 j - 3 fruits
 p - a meat ration


   Skills:
 - Level 5.0 Fighting
 - Level 1.7 Axes
 - Level 7.1 Armour
 - Level 3.2 Shields
 + Level 3.9 Evocations


You had 6 spell levels left.
You didn't know any spells.

Dungeon Overview and Level Annotations

Branches:
Dungeon (5/15)
 Temple: D:4-7

Altars:
Trog
The Shining One

Shops:
D:5 (

Annotations:
D:5 Duvessa


Innate Abilities, Weirdness & Mutations

You are resistant to torment.
Your stone body is resilient. (AC +4)
You are immune to poison.
You resist negative energy. (rN+)
You are resistant to electric shocks. (rElec)
You can survive without breathing.
You are immune to petrification.
You are immune to rotting.


Message History

You barely miss Duvessa. You block Duvessa's attack. x2
You hit Duvessa.
Duvessa is lightly wounded.
Duvessa completely misses you. Duvessa hits you with a rapier!
A centaur skeleton comes into view.
You hit Duvessa but do no damage.
Duvessa is lightly wounded.
You block Duvessa's attack. Duvessa hits you with a rapier!
* * * LOW HITPOINT WARNING * * *
You feel very mighty all of a sudden. Duvessa hits you but does no damage. x2
You fade into invisibility!
Duvessa barely misses you.
You are very lightly contaminated with residual magic.
You slice Duvessa!!
Duvessa is heavily wounded.
Duvessa hits you with a rapier!
* * * LOW HITPOINT WARNING * * *
Duvessa hits you with a rapier!
You die...

# ### #.#.##.#.#..(.......####
##########.#.##.#............'...
...........#.##.#.##.........####
##.###.....#.##))............# #
##.# #####.#.#.)).#..........# #
##.# #............#.########## #
..# #.###...#....#.# # ###
#...#.#..#.# # #.#.#.#@...# #
...#.#.##e### ##........Z#
#.#...##..# #.#.#.##..# ...#..# .
#.#..# ... #....#
.....###.#.#######


You could see Duvessa (berserk) and a centaur skeleton.

Vanquished Creatures
  A necrophage (D:5)
  A water moccasin skeleton (D:4)
  Dowan (D:5)
  A howler monkey (D:4)
  2 orc priests
  2 iguanas (D:4)
  2 orc wizards (D:5)
  2 worker ants
  Robin (D:3)
  8 adders
  4 gnolls (D:5)
  A shadow imp (D:5)
  An ooze (D:1)
  An adder zombie (D:4)
  2 adder skeletons
  5 worms
  2 dart slugs (D:1)
  2 leopard geckos
  15 orcs
  3 bats
  2 giant cockroaches
  14 goblins
  8 hobgoblins
  3 jackals
  2 quokkas
  3 ball pythons
  2 frilled lizards
  3 kobolds
  4 rats
98 creatures vanquished.

Notes
Turn   | Place    | Note
-------+----------+-------------------------------------------
     0 | D:1      | grindst0ne the Gargoyle Fighter began the quest for the Orb.
     0 | D:1      | Reached XP level 1. HP: 14/14 MP: 1/1
   101 | D:1      | Reached XP level 2. HP: 20/20 MP: 2/2
   659 | D:2      | Found a bloodstained altar of Trog.
   745 | D:2      | Reached XP level 3. HP: 23/24 MP: 3/3
   834 | D:2      | Found a glowing golden altar of the Shining One.
   877 | D:2      | Found a faded altar of an unknown god.
  1029 | D:2      | Reached skill level 5 in Fighting
  1232 | D:3      | Noticed Robin
  1251 | D:3      | Reached XP level 4. HP: 27/31 MP: 4/4
  1253 | D:3      | Killed Robin
  1259 | D:3      | Reached skill level 4 in Armour
  1662 | D:3      | Reached XP level 5. HP: 25/35 MP: 5/5
  1805 | D:4      | Reached skill level 5 in Armour
  2142 | D:4      | Reached skill level 6 in Armour
  2142 | D:4      | Reached XP level 6. HP: 34/40 MP: 6/6
  2497 | D:4      | Reached skill level 7 in Armour
  2874 | D:5      | Entered Level 5 of the Dungeon
  2930 | D:5      | Reached skill level 1 in Evocations
  3226 | D:5      | Noticed a necrophage
  3241 | D:5      | Killed a necrophage
  3241 | D:5      | Reached XP level 7. HP: 35/44 MP: 8/8
  3251 | D:5      | Found Paecw's Antique Weapon Shop.
  3483 | D:5      | Noticed Dowan
  3507 | D:5      | Killed Dowan
  3516 | D:5      | Noticed Duvessa
  3532 | D:5      | Slain by Duvessa

Skill      XL: |  1  2  3  4  5  6  7 |
---------------+----------------------+-----
Fighting       | 4 5 |  5.0
Armour         | 4 6 7 |  7.1
Evocations     | 2 3 |  3.9
Axes           | |  1.7
Shields        | |  3.2

Action                   |  1- 3 |  4- 6 |  7- 9 || total
-------------------------+-------+-------+-------++-------
Melee: War axe           |   103 |   239 |    76 ||   418
  Use: Scroll            |       |    11 |       ||    11
       Potion            |       |       |     2 ||     2
  Eat: Chunk             |       |     8 |     1 ||     9
Armor: Scale mail        |    47 |    49 |       ||    96
       Chain mail        |       |   112 |    96 ||   208
Dodge: Dodged            |    37 |   100 |    20 ||   157
Block: Shield            |    49 |   137 |    42 ||   228
